 Dungeon Crawl Stone Soup version 0.18.1-50-g88ac8fd (webtiles) character file.

47 Franakus the Conjurer (level 3, -1/19 HPs)
             Began as a Deep Elf Conjurer on Oct 29, 2016.
             Slain by an adder (3 damage)
             ... on level 1 of the Dungeon.
             The game lasted 00:06:52 (983 turns).

Franakus the Conjurer (Deep Elf Conjurer)            Turns: 983, Time: 00:06:59

Health: -1/19      AC:  2    Str:  5    XL:     3   Next: 48%
Magic:  0/9        EV: 13    Int: 20    God:
Gold:   24         SH:  0    Dex: 15    Spells: 2 memorised, 5 levels left

rFire  . . .     SeeInvis .     (no weapon)
rCold  + . .     Gourm    .     a - +0 robe
rNeg   . . .     Faith    +     (no shield)
rPois  .         Spirit   .     (no helmet)
rElec  .         Dismiss  .     (no cloak)
rCorr  .         Reflect  .     (no gloves)
SustAt .         Harm     .     (no boots)
MR     .....                    g - amulet of faith
Stlth  ++........               (no ring)
                                d - ring of protection from cold

@: lethally poisoned (-1 -> -10), not resistant to hostile enchantments,
unstealthy
A: no striking features
a: no special abilities


You were on level 1 of the Dungeon.
You were not hungry.

You visited 1 branch of the dungeon, and saw 2 of its levels.

You collected 24 gold pieces.

Inventory:

Armour
 a - a +0 robe (worn)
Jewellery
 d - a ring of protection from cold (left hand)
 g - an amulet of faith (around neck)
Scrolls
 h - a scroll of enchant armour {unknown}
 j - a scroll of noise {unknown}
 k - 2 scrolls of identify {unknown}
 l - a scroll of fog {unknown}
 m - a scroll of random uselessness {unknown}
 n - a scroll of amnesia {unknown}
 o - a scroll of teleportation {unknown}
Potions
 f - a potion of might
Books
 b - a book of Conjurations

   Spells                             Type                      Level
   a - Magic Dart                     Conjuration                  1
   b - Searing Ray                    Conjuration                  2
   c - Dazzling Spray                 Conjuration/Hexes            3
   d - Fulminant Prism                Conjuration/Hexes            4
   e - Iskenderun's Mystic Blast      Conjuration                  4
   f - Iskenderun's Battlesphere      Conjuration/Charms           5
Comestibles
 c - a bread ration


   Skills:
 + Level 2.4 Dodging
 + Level 2.8 Stealth
 + Level 3.1 Spellcasting
 + Level 5.5 Conjurations


You had 5 spell levels left.
You knew the following spells:

 Your Spells              Type           Power        Failure   Level  Hunger
a - Magic Dart            Conj           ####         1%          1    None
b - Searing Ray           Conj           ####..       2%          2    ##.....


Dungeon Overview and Level Annotations

Branches:
Dungeon (2/15)

Altars:
Ashenzari
Pakellas

Annotations:
D:2 Sigmund


Message History

Drink which item? (? for menu, Esc to quit)
It was a potion of might.
You feel very mighty all of a sudden.
* * * LOW HITPOINT WARNING * * *
You feel sick. The adder bites you.
* * * LOW HITPOINT WARNING * * *
You are more poisoned.
The adder poisons you! The adder barely misses you.
Drink which item? (? for menu, Esc to quit)
It was a potion of agility.
You feel agile all of a sudden. The adder misses you.
Drink which item? (? for menu, Esc to quit)
It was a potion of cancellation.
Your magical effects are unravelling.
You feel magically purged.
You feel a little less mighty now.
You feel a little less agile now.
* * * LOW HITPOINT WARNING * * *
You feel sick. The adder bites you.
You die...

#.########..#..#.###..#.#... ###
#.#.#.#.#.#...........#.+###
..####..#.#.#.#..#..#.###.)#.....
.......#.#.#.#.#...........+#####
........#.#.#.#..#..#.###........
.......#.≈≈≈≈≈.#.................
.####...#≈...≈#.............#...#
.# #..#.≈<..≈.#S#..............#
.####...#≈...≈#.@#.....##.#.#...#
.......#.≈≈≈≈≈.#>#...............
#####...#.#.#.#........##.#.#....
# #..#.#.#.#.#................. #
#...#.#.#.#........##.#.#....
#####..#.#.#.#.#.......##.#.#....
.................................
#####..#.#.#......#.#..###..#....
#............................


You could see an adder.

Vanquished Creatures
  3 adders (D:2)
  A giant cockroach (D:1)
  2 goblins
  2 hobgoblins (D:1)
  2 jackals (D:1)
  4 kobolds
  2 bats
  2 giant newts (D:2)
  2 rats
20 creatures vanquished.

Notes
Turn   | Place    | Note
--------------------------------------------------------------
     0 | D:1      | Franakus the Deep Elf Conjurer began the quest for the Orb.
     0 | D:1      | Reached XP level 1. HP: 10/10 MP: 6/6
   400 | D:1      | Reached XP level 2. HP: 15/15 MP: 6/8
   407 | D:1      | Learned a level 2 spell: Searing Ray
   703 | D:2      | Reached skill level 5 in Conjurations
   763 | D:2      | Noticed Sigmund
   809 | D:2      | Reached XP level 3. HP: 19/19 MP: 1/9
   829 | D:2      | Found a shattered altar of Ashenzari.
   929 | D:2      | Found an oddly glowing altar of Pakellas.
   983 | D:1      | Slain by an adder

Skill      XL: |  1  2 |
---------------+-------+-----
Conjurations   | 5 |  5.5
Dodging        | |  2.4
Stealth        | |  2.8
Spellcasting   | |  3.1

Action                   || total
-------------------------++-------
 Cast: Magic Dart        ||    31
       Searing Ray       ||     6
  Use: Potion            ||     3
Armor: Robe              ||     7
Dodge: Dodged            ||    12
